 Dungeon Crawl Stone Soup version 0.20-a0-633-gff4aa5c (webtiles) character file.

608 polly the Cudgeler (level 7, 0/44 HPs)
             Began as a Gargoyle Fighter on Feb 12, 2017.
             Was an Initiate of Okawaru.
             Killed from afar by a steam dragon (8 damage)
             ... with a ball of steam
             ... on level 5 of the Dungeon.
             The game lasted 00:05:34 (3756 turns).

polly the Cudgeler (Gargoyle Fighter)               Turns: 3756, Time: 00:05:34

Health: 0/44       AC: 13    Str: 21    XL:     7   Next: 43%
Magic:  7/7        EV:  8    Int:  8    God:    Okawaru [......]
Gold:   308        SH: 10    Dex: 10    Spells: 6/6 levels left

rFire    . . .     SeeInvis .   a - +0 flail
rCold    + . .     Gourm    .   b - +0 scale mail
rNeg     + . .     Faith    .   c - +0 shield
rPois    ∞         Spirit   .   (no helmet)
rElec    +         Reflect  .   (no cloak)
rCorr    .         Harm     .   g - +0 pair of gloves
MR       .....                  (no boots)
Stlth    ..........             (no amulet)
Regen    0.2/turn               x - ring of protection from cold
                                v - ring of wizardry

@: no status effects
A: negative energy resistance 1, electricity resistance, unbreathing,
petrification resistance, rot immunity, AC +4
a: Renounce Religion


You were on level 5 of the Dungeon.
You worshipped Okawaru.
Okawaru was noncommittal.
You were very hungry.

You visited 1 branch of the dungeon, and saw 5 of its levels.

You collected 308 gold pieces.

Inventory:

Hand Weapons
 a - a +0 flail (weapon)
Missiles
 y - 3 silver tomahawks (quivered)
Armour
 b - a +0 scale mail (worn)
 c - a +0 shield (worn)
 g - a +0 pair of gloves (worn)
Jewellery
 v - a ring of wizardry (left hand)
 x - a ring of protection from cold (right hand)
Wands
 k - a wand of flame (25/48)
Scrolls
 e - a scroll of random uselessness {unknown}
 h - 2 scrolls of remove curse {unknown}
 i - 3 scrolls of teleportation {unknown}
 j - a scroll of immolation {unknown}
 m - a scroll of recharging {unknown}
 o - 8 scrolls of identify {unknown}
 p - a scroll of enchant weapon {unknown}
 u - 2 scrolls of blinking {unknown}
 w - a scroll of magic mapping {unknown}
 A - a scroll of amnesia {unknown}
Potions
 d - a potion of might
 n - a potion of resistance {unknown}
 q - a potion of magic {unknown}
 s - a potion of haste {unknown}
 t - a potion of agility
 z - a potion of berserk rage {unknown}
 B - a potion of curing
 C - a potion of heal wounds {unknown}
 E - a potion of brilliance {unknown}
Comestibles
 f - 2 bread rations
 l - a royal jelly
 r - 3 meat rations
 D - 4 fruits


   Skills:
 + Level 4.4 Fighting
 + Level 5.4 Maces & Flails
 + Level 4.3 Armour
 + Level 1.7 Dodging
 + Level 0.2 Stealth
 + Level 5.1 Shields


You had 6 spell levels left.
You didn't know any spells.

Dungeon Overview and Level Annotations

Branches:
Dungeon (5/15)
 Temple: D:4-7

Altars:
Elyvilon
Okawaru
Uskayaw
Vehumet
The Shining One

Annotations:
D:4 1 runed door


Innate Abilities, Weirdness & Mutations

You are resistant to torment.
Your stone body is resilient. (AC +4)
You are immune to poison.
You resist negative energy. (rN+)
You are resistant to electric shocks. (rElec)
You can survive without breathing.
You are immune to petrification.
You are immune to rotting.


Message History

No target in view!
No target in view!
No target in view!
You are engulfed in a cloud of scalding steam.
The fungus is engulfed in a cloud of scalding steam.
You hit the steam dragon.
The steam dragon is lightly wounded.
You are engulfed in a cloud of scalding steam.
The fungus is engulfed in a cloud of scalding steam.
The steam dragon bites you! You block the steam dragon's attack.
You sock the steam dragon!
The steam dragon is heavily wounded.
You are engulfed in a cloud of scalding steam.
The fungus is engulfed in a cloud of scalding steam.
The steam dragon breathes steam at you. The ball of steam hits you!
* * * LOW HITPOINT WARNING * * *
The steam dragon breathes steam at you. The ball of steam hits you!
You die...

.##........................#...##
.##........................#...(.
.##............................#.
.##..............................
.###.#.#...###############.....##
####...#.#.# ##..####.......
P.≈###.....#######.....≈##.....##
≈≈P≈P#######PP§≈≈.P....P##.....#
PP.≈≈P^P≈.....§§@§D.....≈#.....#
.........^PPP.≈PP≈DP..?.^#.....#
≈.P.≈.P≈≈#########≈≈...≈.#.....#
P.########....# #.≈P..##.....#
###......#....######P.P##..#####
....####...........#####..##
.#### ##......#....#.....##
.######.........##...#####
.##.....#.####...........########


You could see 2 steam dragons.

Vanquished Creatures
  An ogre (D:4)
  A centaur (D:5)
  2 hounds (D:5)
  An orc priest (D:4)
  An orc wizard (D:3)
  An iguana (D:5)
  3 worker ants (D:4)
  Ijyb (D:2)
  A hound skeleton (D:4)
  4 gnolls
  4 adders
  A shadow imp (D:5)
  2 adder skeletons (D:4)
  A worm (D:3)
  A dart slug (D:1)
  4 leopard geckos
  13 orcs
  3 giant cockroaches
  12 goblins
  7 hobgoblins
  9 jackals
  2 ball pythons
  8 bats
  4 frilled lizards
  7 kobolds
  3 rats
97 creatures vanquished.

Notes
Turn   | Place    | Note
-------+----------+-------------------------------------------
     0 | D:1      | polly the Gargoyle Fighter began the quest for the Orb.
     0 | D:1      | Reached XP level 1. HP: 14/14 MP: 1/1
    48 | D:1      | Reached XP level 2. HP: 17/19 MP: 2/2
   238 | D:1      | Reached XP level 3. HP: 24/24 MP: 3/3
   722 | D:2      | Reached XP level 4. HP: 25/29 MP: 4/4
   849 | D:2      | Noticed Ijyb
   866 | D:2      | Killed Ijyb
  1000 | D:3      | Reached XP level 5. HP: 3/33 MP: 5/5
  2128 | D:4      | Found a radiant altar of Vehumet.
  2161 | D:4      | Reached skill level 1 in Dodging
  2167 | D:4      | Reached XP level 6. HP: 14/38 MP: 6/6
  2447 | D:4      | Found a glowing golden altar of the Shining One.
  2448 | D:4      | Found a runed door.
  2448 | D:4      | Noticed an angel
  2461 | D:4      | Found a hide-covered altar of Uskayaw.
  2905 | D:4      | Found a glowing golden altar of the Shining One.
  2905 | D:4      | Found an iron altar of Okawaru.
  2909 | D:4      | Found a white marble altar of Elyvilon.
  2918 | D:4      | Became a worshipper of Warmaster Okawaru
  3087 | D:4      | Reached skill level 5 in Shields
  3220 | D:5      | Entered Level 5 of the Dungeon
  3322 | D:5      | Reached skill level 5 in Maces & Flails
  3322 | D:5      | Reached XP level 7. HP: 42/44 MP: 7/7
  3750 | D:5      | Noticed a steam dragon
  3751 | D:5      | Noticed a steam dragon
  3756 | D:5      | Killed from afar by a steam dragon

Vault maps used:
D:1:      dpeg_arrival_leaves_temple_mockup, minmay_misc_feat_enclosed,
          st_stairs_3
D:2:      kennysheep_the_goblin_king, minmay_pentomino_p2
D:3:      first_bread, gup_sewer_entry_bowl
D:4:      eat_drink_and_be_merry_uskayaw, overflow_temple_1_default,
          grunt_temple_overflow_open, lemuel_angel_altar
D:5:      kennysheep_steamy, cheibrodos_gnoll_hut

Skill      XL: |  1  2  3  4  5  6 |
---------------+-------------------+-----
Shields        | 4 5 |  5.1
Maces & Flails | 3 4 5 |  5.4
Fighting       | 4 |  4.4
Armour         | 4 |  4.3
Dodging        | 1 |  1.7
Stealth        | |  0.2

Action                   |  1- 3 |  4- 6 |  7- 9 || total
-------------------------+-------+-------+-------++-------
Melee: Flail             |    77 |   258 |    27 ||   362
  Use: Potion            |       |     3 |       ||     3
  Eat: Bread ration      |       |     1 |       ||     1
       Chunk             |       |     4 |       ||     4
Armor: Scale mail        |    53 |   146 |     4 ||   203
       Skin              |       |    49 |       ||    49
Dodge: Dodged            |    29 |    85 |     5 ||   119
Block: Shield            |    46 |   197 |    16 ||   259
